 Dungeon Crawl Stone Soup version 0.25-a0-1136-gc1285e62ab (webtiles) character file.

Game seed: 2608165056832924590, levelgen mode: deterministic

53 Glundar the Chopper (level 3, 0/33 HPs)
             Began as a Hill Orc Fighter on May 23, 2020.
             Slain by a gnoll
             ... wielding a +0 club
              (2 damage)
             ... on level 2 of the Dungeon.
             The game lasted 00:02:45 (1427 turns).

Glundar the Chopper (Hill Orc Fighter)              Turns: 1427, Time: 00:02:45

Health: 0/33       AC:  6    Str: 19    XL:     3   Next: 89%
Magic:  3/3        EV:  7    Int:  8    God:
Gold:   88         SH:  9    Dex: 10    Spells: 2/2 levels left

rFire    . . .     SeeInvis .   a - +0 war axe
rCold    . . .     Gourm    .   c - +0 kite shield
rNeg     . . .     Faith    .   b - +0 scale mail
rPois    .         Spirit   .   (no helmet)
rElec    .         Reflect  .   (no cloak)
rCorr    .         Harm     .   (no gloves)
MR       .....                  (no boots)
Stlth    ..........             (no amulet)
HPRegen  0.11/turn              (no ring)
MPRegen  0.08/turn              (no ring)

@: no status effects
A: no striking features
a: no special abilities


You were on level 2 of the Dungeon.
You were not hungry.

You visited 1 branch of the dungeon, and saw 2 of its levels.

You collected 88 gold pieces.

Inventory:

Hand Weapons
 a - a +0 war axe (weapon)
Missiles
 m - 19 sling bullets
Armour
 b - a +0 scale mail (worn)
 c - a +0 kite shield (worn)
Jewellery
 l - an uncursed ring of flight {unknown}
Scrolls
 e - 2 scrolls of identify {unknown}
 h - a scroll of amnesia {unknown}
 i - a scroll of noise {unknown}
 n - a scroll of remove curse {unknown}
Potions
 d - a potion of might
 j - a potion of curing {unknown}
 k - 3 potions of stabbing {unknown}
Comestibles
 f - 2 rations
 g - 4 chunks of flesh


   Skills:
 + Level 3.8 Fighting
 + Level 4.1 Axes
 + Level 3.6 Armour
 + Level 0.4 Dodging
 + Level 0.4 Stealth
 + Level 3.7 Shields


You had 2 spell levels left.
You didn't know any spells.
Your spell library was empty.

Dungeon Overview and Level Annotations

Branches:
Dungeon (2/15)

Altars:


Message History

You block the gnoll's attack.
A kobold comes into view. It is wielding a +0 dagger.
You block the gnoll's attack. The gnoll hits you but does no damage.
The kobold shouts!
You hit the gnoll but do no damage. You block the gnoll's attack. x2
You hit the gnoll but do no damage. The gnoll hits you but does no damage.
You block the gnoll's attack.
You hit the gnoll.
The gnoll is moderately wounded.
The gnoll hits you with a +0 club. The gnoll hits you but does no damage.
You hit the gnoll.
The gnoll is heavily wounded.
The gnoll hits you but does no damage. You block the gnoll's attack.
The gnoll hits you with a +0 club.
Your shield and scale mail prevent you from hitting the gnoll.
The gnoll is heavily wounded.
The gnoll hits you from afar with a +0 halberd!
* * * LOW HITPOINT WARNING * * *
The gnoll hits you with a +0 club.
You die...

≈≈≈.......#.#...###.###.#
≈≈.≈......#.#.....#...#.#
≈≈≈.......#.#....#......#
............##.#....#.#######
..≈...####..##...#..#........
......####..####.###.########
............##.....÷)#
#.##+##.....##.#.###.#
.>....#.##.....#@# #.#
.######.##...#.#g###.#
.######.##.....#gg...#
.............#..rKK..+
..÷.#...#.÷....##....#
....#.###.########'###
.##.......# ... .##.......#
..... .##....÷..# ≈......


You could see 3 gnolls, 2 kobolds and a rat.

Vanquished Creatures
  An adder (D:2)
  An ooze (D:2)
  A ball python (D:1)
  2 giant cockroaches (D:1)
  6 goblins
  5 hobgoblins
  4 jackals (D:2)
  8 bats
  A frilled lizard (D:1)
  3 kobolds
  6 rats
38 creatures vanquished.

Notes
Turn   | Place    | Note
-------+----------+-------------------------------------------
     0 | D:1      | Glundar the Hill Orc Fighter began the quest for the Orb.
     0 | D:1      | Reached XP level 1. HP: 19/19 MP: 1/1
   256 | D:1      | Reached skill level 3 in Axes
   328 | D:1      | Reached XP level 2. HP: 27/27 MP: 2/2
   780 | D:1      | Reached XP level 3. HP: 32/33 MP: 3/3
  1061 | D:2      | Found a faded altar of an unknown god.
  1333 | D:2      | Reached skill level 4 in Axes
  1427 | D:2      | Slain by a gnoll

Illustrated notes

Levels and vault maps discovered:
D:1:      lemuel_arrival_funnel, layout_loops_cross, minmay_misc_feat_chi,
          item_on_display_a
D:2:      layout_basic, chequers_ecumenical_altar_island,
          kennysheep_generic_room_16

Skill      XL: |  1  2  3 |
---------------+----------+-----
Axes           | 3 4 |  4.1
Fighting       | |  3.8
Armour         | |  3.6
Dodging        | |  0.4
Stealth        | |  0.4
Shields        | |  3.7

Action                   || total
-------------------------++-------
Melee: War axe           ||   162
  Eat: Chunk             ||     2
Armor: Scale mail        ||   108
Dodge: Dodged            ||    51
Block: Kite shield       ||   106

Table legend:
 A = Non-vault XP
 B = Vault XP
 C = Vault XP percentage of total XP
 D = Non-vault monster count
 E = Vault monster count
 F = Vault count percentage of total count
                 A         B        C        D         E       F
            +---------+---------+-------+---------+---------+-------
      Total |      75 |       2 |   2.6 |      37 |       1 |   2.6
            +---------+---------+-------+---------+---------+-------
        D:1 |      38 |       0 |   0.0 |      24 |       0 |   0.0
        D:2 |      37 |       2 |   5.1 |      13 |       1 |   7.1
            +---------+---------+-------+---------+---------+-------
